cohdb
Replays
Latest Replays
All Replays
Popular Replays
Top Player Replays
Match Explorer
How It Works
Community
CoH3 Stats
Reddit
Sign in to upload your games and track your stats! →
Sign in with Steam
Match 44567420
Unlisted
Match 44567420
Overview
Messages
Build Orders
End
Selects Italian Coastal Battlegroup
Selects Coastal Reserves
Coastal Reserve
Coastal Reserve
Construct Infanterie Kompanie
Coastal Reserve
Coastal Reserve
Selects Artillery Officer
Medical Station
MG 42 Bunker
Coastal Reserve
Medical Bunker
Selects Support Bunkers
MG 42 Bunker
MG 42 Bunker
Construct Panzergrenadier Kompanie
Selects Rapid Fortifications
Rapid Fortifications
Support Elements
Nebelwerfer 42 Rocket Launcher Team
Rapid Fortifications
Rapid Fortifications
MG 42 Bunker
StuG III G Assault Gun
Side Skirts
Selects Obice da 210/22 Artillery Emplacement
Artillery Officer
Construct Panzer Kompanie
Selects Bulwark
Rapid Fortifications
MG 42 Bunker
Sturmpanzer IV Brummbär
Motionless559
GRAFv
smile junta
守护骑士
ElementXV
Serial Chiller
CZ Sup
torq1
0
0
Comments
sign in to comment!
No comments posted yet!